 Dungeon Crawl Stone Soup version 0.23.0 (webtiles) character file.

Game seed: 5605509023276862409

529 BarneyGumball the Chopper (level 7, -1/40 HPs)
             Began as a Gargoyle Gladiator on Feb 22, 2019.
             Slain by an orc wizard
             ... wielding a +0 dagger
              (2 damage)
             ... on level 4 of the Dungeon.
             The game lasted 00:04:12 (3336 turns).

BarneyGumball the Chopper (Gargoyle Gladiator)      Turns: 3336, Time: 00:04:13

Health: -1/40      AC:  9    Str: 20    XL:     7   Next: 24%
Magic:  0/7        EV: 12    Int:  8    God:
Gold:   92         SH:  0    Dex: 11    Spells: 6/6 levels left

rFire    . . .     SeeInvis .   a - +0 war axe
rCold    . . .     Gourm    .   (no shield)
rNeg     + . .     Faith    .   b - +0 leather armour
rPois    ∞         Spirit   +   c - +0 helmet
rElec    +         Reflect  .   (no cloak)
rCorr    .         Harm     .   (no gloves)
MR       .....                  (no boots)
Stlth    +.........             i - amulet of guardian spirit
HPRegen  0.13/turn              (no ring)
MPRegen  0.10/turn              (no ring)

@: slowed, very slow
A: negative energy resistance 1, electricity resistance, unbreathing,
petrification resistance, rot immunity, AC +4
a: no special abilities


You were on level 4 of the Dungeon.
You were hungry.

You visited 1 branch of the dungeon, and saw 4 of its levels.

You collected 92 gold pieces.

Inventory:

Hand Weapons
 a - a +0 war axe (weapon)
Missiles
 d - a throwing net (quivered)
Armour
 b - a +0 leather armour (worn)
 c - a +0 helmet (worn)
Jewellery
 i - an amulet of guardian spirit (around neck)
Wands
 w - a wand of iceblast (7)
Scrolls
 e - 4 scrolls of identify
 g - a scroll of blinking
 h - a scroll of remove curse {unknown}
 k - a scroll of fear {unknown}
 l - 4 scrolls of teleportation
 o - a scroll of magic mapping
 q - a scroll of random uselessness {unknown}
 r - a scroll of immolation {unknown}
 t - a scroll of noise {unknown}
 u - a scroll of amnesia {unknown}
Potions
 j - a potion of agility {unknown}
 m - a potion of mutation {unknown}
 n - a potion of lignification {unknown}
 p - 2 potions of heal wounds {unknown}
 s - a potion of curing {unknown}
 v - a potion of resistance {unknown}
Comestibles
 f - 6 rations


   Skills:
 - Level 2.1 Fighting
 * Level 6.2 Axes
 - Level 1.7 Throwing
 + Level 4.4 Armour
 - Level 2.4 Dodging


You had 6 spell levels left.
You didn't know any spells.
Your spell library contained the following spells:

 Spells                   Type           Power        Failure   Level  Hunger
 Flame Tongue             Conj/Fire      #....        45%         1    ##.....
 Throw Flame              Conj/Fire      #.....       58%         2    ###....
 Conjure Flame            Conj/Fire      #.......     83%         3    ####...
 Inner Flame              Hex/Fire       #.......     83%         3    ####...
 Sticky Flame             Conj/Fire      #.......     99%         4    #####..
 Fireball                 Conj/Fire      #.........   100%        5    ######.


Dungeon Overview and Level Annotations

Branches:
Dungeon (4/15)
 Temple: D:4-7

Altars:
Ashenzari
Ru
Sif Muna
Yredelemnul
The Shining One

Shops:
D:4 *


Innate Abilities, Weirdness & Mutations

You are resistant to torment.
Your stone body is resilient. (AC +4)
You are immune to poison.
You resist negative energy. (rN+)
You are resistant to electric shocks. (rElec)
You can survive without breathing.
You are immune to petrification.
You are immune to rotting.


Message History

You barely miss the orc wizard. The orc wizard barely misses you.
The orc priest mumbles some strange prayers to Beogh against you.
Pain shoots through your body!
* * * LOW HITPOINT WARNING * * *
The orc wizard casts a spell at you. The magic dart hits you!
* * * LOW HITPOINT WARNING * * *
The orc priest hits you but does no damage.
You hit the orc priest.
The orc priest is heavily wounded.
You barely miss the orc wizard.
The orc wizard hits you but does no damage. x2
The orc priest misses you. The orc wizard closely misses you.
The orc priest hits you.
* * * LOW HITPOINT WARNING * * *
You hit the orc priest.
The orc priest is almost dead.
You hit the orc wizard.
The orc wizard hits you with a +0 dagger.
You die...

**,##***#o#.###*######.#'##
*,*..,,......,,,* #.#.#.
*,###.##.#.####,#####.#+##
*,#..........$#,#.........
*,*,#.*#$#.#*.#,#.........
*,*,#.##.#.#*.#,+.........
*,*,#....#.#*.###....#....
#.#.#...o#.##.............
#.#.#...o@).............#.
#.#.#.....######......###.
#.#.#..........+......'...
#.#.#...#.######......###.
#.#.#...#.#****#......# #.
#.#.#...#.#<,,,#......# #.
#...'...#'####+#......# #.
###.#.................###.
#.#...................^.


You could see an orc priest and an orc wizard.

Vanquished Creatures
  A scorpion (D:4)
  A howler monkey (D:4)
  An orc priest (D:4)
  A centaur skeleton (D:4)
  2 orc wizards (D:4)
  An iguana (D:4)
  Terence (D:2)
  5 worker ants (D:4)
  Robin (D:2)
  5 adders
  4 oozes
  A worm (D:2)
  3 dart slugs (D:2)
  A leopard gecko (D:1)
  9 orcs
  3 giant cockroaches
  10 hobgoblins
  4 jackals (D:1)
  3 quokkas (D:3)
  A bat (D:3)
  3 frilled lizards
  13 goblins
  6 kobolds
  6 rats
  A spectral orc (D:2)
87 creatures vanquished.

Notes
Turn   | Place    | Note
-------+----------+-------------------------------------------
     0 | D:1      | BarneyGumball the Gargoyle Gladiator began the quest for
                  | the Orb.
     0 | D:1      | Reached XP level 1. HP: 12/12 MP: 1/1
    50 | D:1      | Reached skill level 3 in Axes
    50 | D:1      | Reached XP level 2. HP: 11/17 MP: 2/2
   237 | D:1      | Reached skill level 1 in Armour
   319 | D:1      | You fall through a shaft!
   340 | D:2      | Noticed Terence
   352 | D:2      | Killed Terence
   352 | D:2      | Reached XP level 3. HP: 16/21 MP: 3/3
   535 | D:2      | Reached XP level 4. HP: 22/26 MP: 4/4
   565 | D:2      | Reached skill level 4 in Axes
   929 | D:2      | Found a basalt altar of Yredelemnul.
   982 | D:2      | Noticed Robin
   997 | D:2      | Killed Robin
  1070 | D:2      | Reached XP level 5. HP: 27/30 MP: 5/5
  1662 | D:3      | Found a glowing golden altar of the Shining One.
  1664 | D:3      | Found a deep blue altar of Sif Muna.
  1667 | D:3      | Found a shattered altar of Ashenzari.
  2094 | D:4      | Reached skill level 5 in Axes
  2094 | D:4      | Reached XP level 6. HP: 26/35 MP: 6/6
  2719 | D:4      | Found a sacrificial altar of Ru.
  2983 | D:4      | Reached skill level 6 in Axes
  2983 | D:4      | Reached XP level 7. HP: 40/40 MP: 7/7
  3268 | D:4      | Found Linlok's Assorted Antiques.
  3334 | D:4      | HP: 1/40 [orc wizard/magic dart (9)]
  3336 | D:4      | Slain by an orc wizard

Skill      XL: |  1  2  3  4  5  6 |
---------------+-------------------+-----
Axes           | 3 4 5 6 |  6.2
Armour         | 1 2 3 4 |  4.4
Fighting       | |  2.1
Throwing       | |  1.7
Dodging        | |  2.4

Action                   |  1- 3 |  4- 6 |  7- 9 || total
-------------------------+-------+-------+-------++-------
Melee: War axe           |    54 |   188 |    29 ||   271
Throw: Throwing net      |     2 |       |     1 ||     3
  Use: Scroll            |       |     4 |       ||     4
  Eat: Chunk             |       |     3 |     1 ||     4
       Ration            |       |     1 |       ||     1
Armor: Leather armour    |    18 |    89 |    14 ||   121
Dodge: Dodged            |    42 |   129 |    22 ||   193
